 Dungeon Crawl Stone Soup version 0.22.0-25-g7663229 (webtiles) character file.

1001 KobiteSteel the Slasher (level 8, -2/60 HPs)
             Began as a Demonspawn Fighter on Aug 20, 2018.
             Killed by nerve-wracking pain
             ... invoked by an orc priest
              (14 damage)
             ... on level 6 of the Dungeon.
             The game lasted 00:24:02 (6172 turns).

KobiteSteel the Slasher (Demonspawn Fighter)        Turns: 6172, Time: 00:24:02

Health: -2/60      AC: 14    Str: 16      XL:     8   Next: 0%
Magic:  8/8        EV:  5    Int: 15      God:
Gold:   262        SH: 10    Dex: 10 (16) Spells: 7/7 levels left

rFire    . . .     SeeInvis .   a - +1 long sword
rCold    . . .     Gourm    .   c - +1 shield
rNeg     . . .     Faith    .   n - +0 chain mail
rPois    .         Spirit   .   (no helmet)
rElec    .         Reflect  .   (no cloak)
rCorr    .         Harm     .   (gloves unavailable)
MR       .....                  g - +2 pair of boots
Stlth    ..........             (no amulet)
HPRegen  0.20/turn              l - +6 ring of intelligence
MPRegen  0.11/turn              (no ring)

@: no status effects
A: claws 3, molten scales 1
a: no special abilities


You were on level 6 of the Dungeon.
You were not hungry.

You visited 1 branch of the dungeon, and saw 6 of its levels.

You collected 262 gold pieces.

Inventory:

Hand Weapons
 a - a +1 long sword (weapon)
Armour
 c - a +1 shield (worn)
 g - a +2 pair of boots (worn)
 n - a +0 chain mail (worn)
 p - the +0 ring mail of Gugenwio {Dex+6}
   (You found it on level 4 of the Dungeon)

   It affects your dexterity (+6).
Jewellery
 k - an uncursed ring of fire
 l - a +6 ring of intelligence (left claw)
 o - a cursed ring of attention
Scrolls
 b - 4 scrolls of teleportation
 d - a scroll of identify
 i - 2 scrolls of remove curse
Comestibles
 f - 5 rations


   Skills:
 - Level 3.7 Fighting
 + Level 5.4 Long Blades
 + Level 4.2 Armour
 + Level 2.1 Dodging
 * Level 2.6 Stealth
 + Level 4.7 Shields
 - Level 0.3 Unarmed Combat


You had 7 spell levels left.
You didn't know any spells.
Your spell library contained the following spells:

 Spells                   Type           Power        Failure   Level  Hunger
 Magic Dart               Conj           #...         100%        1    ##.....
 Blink                    Tloc           N/A          100%        2    ###....
 Call Imp                 Summ           #.......     100%        2    ###....
 Slow                     Hex            #.......     100%        2    ###....
 Conjure Flame            Conj/Fire      #.......     100%        3    ####...
 Mephitic Cloud           Conj/Pois/Air  #.......     100%        3    ####...


Dungeon Overview and Level Annotations

Branches:
Dungeon (6/15)
 Temple: D:4-7

Altars:
Gozag
Nemelex Xobeh

Annotations:
D:5 Dowan, Duvessa, Prince Ribbit


Innate Abilities, Weirdness & Mutations

You have claws for hands.
You are partially covered in molten scales. (AC +2)


Message History

Beogh smites you!
Your shield and chain mail prevent you from hitting the orc priest.
The orc priest is severely wounded.
The orc priest hits you but does no damage.
The orc hits you but does no damage. You block the orc's attack.
The orc hits you but does no damage.
The orc priest invokes the aid of Beogh against you.
Beogh smites you! The orc hits you but does no damage.
The orc priest hits you but does no damage.
Your shield and chain mail prevent you from hitting the orc priest.
The orc priest is severely wounded.
The orc hits you but does no damage. The orc hits you with a falchion.
You block the orc's attack.
The orc priest mumbles some strange prayers to Beogh against you.
Beogh smites you!
* * * LOW HITPOINT WARNING * * *
You block the orc's attack.
The orc priest calls down the wrath of Beogh upon you.
Pain shoots through your body!
You die...

#####+###
#.......#
##.......# .
#........# ....
#........# .....
#........# .....
#.oo.....#
......##ooo....#
....o.##o@o....#
........§o.....#
...............#
...............#
+###+###.##....#
#+
#...##.##)...#
...
#............#
...
#............#
...
#............#


You could see 2 orc priests, an orc wizard and 5 orcs.

Vanquished Creatures
  Eustachio (D:5)
  A sky beast (D:5)
  2 ogres (D:4)
  2 scorpions
  A crimson imp (D:4)
  A centaur skeleton (D:5)
  An orc priest (D:4)
  A gnoll shaman (D:4)
  An iguana (D:4)
  An orc wizard (D:4)
  A worker ant (D:4)
  A hound zombie (D:5)
  A worker ant zombie (D:6)
  12 adders
  5 gnolls (D:4)
  2 shadow imps
  An ooze (D:4)
  2 adder skeletons
  3 worms
  2 dart slugs
  A leopard gecko (D:2)
  10 orcs
  3 ball pythons
  7 giant cockroaches
  4 goblins
  8 hobgoblins
  6 jackals
  2 quokkas
  9 bats
  8 frilled lizards
  6 kobolds
  7 rats
113 creatures vanquished.

Notes
Turn   | Place    | Note
-------+----------+-------------------------------------------
     0 | D:1      | KobiteSteel the Demonspawn Fighter began the quest for the Orb.
     0 | D:1      | Reached XP level 1. HP: 18/18 MP: 1/1
   176 | D:1      | Gained mutation: You are partially covered in molten scales. (AC +2) [demonic ancestry]
   176 | D:1      | Reached XP level 2. HP: 24/24 MP: 2/2
   636 | D:2      | Reached skill level 2 in Long Blades
   648 | D:2      | Gained mutation: You have sharp fingernails. [demonic ancestry]
   648 | D:2      | Reached XP level 3. HP: 18/29 MP: 3/3
  1389 | D:2      | Gained mutation: You have very sharp fingernails. [demonic ancestry]
  1389 | D:2      | Reached XP level 4. HP: 32/35 MP: 4/4
  1912 | D:3      | Reached skill level 3 in Long Blades
  2343 | D:3      | Found an opulent altar of Gozag.
  2344 | D:3      | Found a sparkling altar of Nemelex Xobeh.
  2448 | D:4      | Gained mutation: You have claws for hands. [demonic ancestry]
  2448 | D:4      | Reached XP level 5. HP: 25/41 MP: 5/5
  2678 | D:4      | Got a steaming ring mail
  2690 | D:4      | Identified the +0 ring mail of Gugenwio {Dex+6} (You found it on level 4 of the Dungeon)
  2764 | D:4      | Noticed an ogre
  2775 | D:4      | Killed an ogre
  2775 | D:4      | Reached skill level 4 in Long Blades
  2775 | D:4      | Reached XP level 6. HP: 40/47 MP: 6/6
  2998 | D:4      | Reached skill level 1 in Dodging
  3141 | D:5      | Entered Level 5 of the Dungeon
  3150 | D:5      | Noticed Eustachio
  3938 | D:4      | Reached skill level 1 in Stealth
  3938 | D:4      | Reached XP level 7. HP: 51/53 MP: 7/7
  3948 | D:5      | Reached skill level 5 in Long Blades
  4644 | D:5      | Noticed Prince Ribbit
  5672 | D:5      | Killed Eustachio
  5672 | D:5      | Reached XP level 8. HP: 21/60 MP: 8/8
  6085 | D:5      | Noticed Duvessa
  6089 | D:5      | Noticed Dowan
  6172 | D:6      | Killed from afar by an orc priest

Skill      XL: |  1  2  3  4  5  6  7 |
---------------+----------------------+-----
Shields        | 3 4 |  4.7
Long Blades    | 2 3 4 5 |  5.4
Armour         | 3 4 |  4.2
Dodging        | 1 2 |  2.1
Stealth        | 1 2 |  2.6
Fighting       | |  3.7
Unarmed Combat | |  0.3

Action                   |  1- 3 |  4- 6 |  7- 9 || total
-------------------------+-------+-------+-------++-------
Melee: Long sword        |   122 |   341 |   160 ||   623
  Use: Scroll            |     3 |     9 |     6 ||    18
       Potion            |       |     4 |     5 ||     9
  Eat: Ration            |     1 |     2 |     3 ||     6
Armor: Scale mail        |    74 |       |       ||    74
       Chain mail        |     2 |    83 |    41 ||   126
       Ring mail         |       |   111 |   128 ||   239
Dodge: Dodged            |    49 |   122 |   131 ||   302
Block: Shield            |    79 |   251 |   177 ||   507
       Rpst.: Long sword |    20 |    31 |    35 ||    86
